 Dungeon Crawl Stone Soup version 0.18-a0-1577-gf591c28 (webtiles) character file.

182 M4edhros the Digger (level 5, -3/33 HPs)
             Began as an Octopode Wanderer on Mar 17, 2016.
             Slain by an ogre zombie (15 damage)
             ... in an ossuary on Mar 18, 2016.
             The game lasted 00:04:41 (2198 turns).

M4edhros the Digger (Octopode Wanderer)             Turns: 2198, Time: 00:04:41

Health: -3/33      AC:  1    Str:  8 (10) XL:     5   Next: 62%
Magic:  4/8        EV: 11    Int: 18      God:    Xom [.*....]
Gold:   55         SH:  0    Dex:  7 (10) Spells: 3 memorised, 2 levels left

rFire  . . .     SeeInvis .     (no weapon)
rCold  . . .     Gourm    .     (no shield)
rNeg   . . .     Faith    .     (helmet restricted)
rPois  .         Spirit   .     n - amulet of harm
rElec  .         Dismiss  .     (no ring)
rCorr  .         Reflect  .     (no ring)
SustAt .         Harm     +     (no ring)
MR     .....                    (no ring)
Stlth  ++........               (no ring)
                                (no ring)
                                (no ring)
                                (no ring)

@: not resistant to hostile enchantments, unstealthy
A: almost no armour, amphibious, 8 rings, constrict 8, camouflage 1, gelatinous
body 1
a: Renounce Religion


You were in an ossuary.
You worshipped Xom.
You were a plaything of Xom.
You were not hungry.

You visited 1 branch of the dungeon, and saw 3 of its levels.
You also visited: Ossuary.

You collected 55 gold pieces.

Inventory:

Hand Weapons
 d - a +0 dagger
Missiles
 i - 6 stones (quivered)
 m - 11 sling bullets
Jewellery
 n - an amulet of harm (around mantle)
Scrolls
 j - a scroll of teleportation {unknown}
 l - 2 scrolls of identify {unknown}
 o - a scroll of random uselessness {unknown}
Potions
 c - a potion of lignification
Books
 a - a book of Minor Magic

   Spells                             Type                      Level
   a - Magic Dart                     Conjuration                  1
   b - Blink                          Translocation                2
   c - Call Imp                       Summoning                    2
   d - Repel Missiles                 Charms/Air                   2
   e - Slow                           Hexes                        2
   f - Conjure Flame                  Conjuration/Fire             3
   g - Mephitic Cloud                 Conjuration/Poison/Air       3
 b - Sif Muna's Tome of the Rocks

   Spells                             Type                      Level
   a - Sandblast                      Earth                        1
   b - Stone Arrow                    Conjuration/Earth            3
Comestibles
 f - 2 bread rations


   Skills:
 - Level 1.0 Fighting
   Level 1.0 Staves
 - Level 1.0 Throwing
 - Level 1.0 Dodging
 - Level 1.3 Stealth
 - Level 2.2 Spellcasting
 - Level 3.0 Charms
 + Level 5.0 Earth Magic


You had 2 spell levels left.
You knew the following spells:

 Your Spells              Type           Power        Failure   Level  Hunger
a - Sandblast             Erth           ###...       1%          1    #......
b - Stone Arrow           Conj/Erth      ##....       21%         3    ###....
c - Repel Missiles        Chrm/Air       #.....       14%         2    ##.....


Dungeon Overview and Level Annotations

Branches:
Dungeon (2/15)

Altars:
Xom


Innate Abilities, Weirdness & Mutations

You cannot wear most types of armour.
You are amphibious.
You can wear up to eight rings at the same time.
You can use your tentacles to constrict eight enemies at once.
Your skin changes colour to match your surroundings (Stealth).
Your rubbery body absorbs attacks (AC +1).


Message History

Casting: Sandblast
Confirm with . or Enter, or press ? or * to list all spells.
Aiming: Sandblast
Press: ? - help, Shift-Dir - straight line, f/p - ogre zombie
Aim: an ogre zombie The blast of sand hits the ogre zombie.
A mummy comes into view.
Casting: Sandblast
Confirm with . or Enter, or press ? or * to list all spells.
Aiming: Sandblast
Press: ? - help, Shift-Dir - straight line, f/p - ogre zombie
Aim: an ogre zombie The blast of sand hits the ogre zombie.
Casting: Sandblast
Confirm with . or Enter, or press ? or * to list all spells.
Aiming: Sandblast
Press: ? - help, Shift-Dir - straight line, f/p - ogre zombie
Aim: an ogre zombie The blast of sand hits the ogre zombie.
The ogre zombie hits you!
You die...

##############
............∩#
.....M.....@.#
###+###+###Z.#
#..# #..# #..#
###..# #.'..#
#.#..#
######.#..#


You could see a mummy and an ogre zombie.

Vanquished Creatures
  The ghost of M4edhros the Poker, an amateur OpWn (D:4)
  A mummy (Ossuary)
  An adder (D:2)
  An ooze (D:1)
  3 adder zombies (Ossuary)
  A worm (D:2)
  2 dart slugs
  A giant gecko (D:2)
  3 giant cockroaches (D:1)
  7 goblins (D:1)
  2 hobgoblins (D:1)
  4 kobolds (D:1)
  4 bats (D:1)
  3 giant newts
  3 goblin zombies (Ossuary)
  2 quokka zombies (Ossuary)
  5 rats
44 creatures vanquished.

Notes
Turn   | Place    | Note
--------------------------------------------------------------
     0 | D:1      | M4edhros the Octopode Wanderer began the quest for the Orb.
     0 | D:1      | M4edhros set off with: a book of Minor Magic, Sif Muna's Tome of the Rocks, a potion of lignification, a +0 dagger, a bread ration
     0 | D:1      | Reached XP level 1. HP: 13/13 MP: 3/3
     0 | D:1      | Identified Sif Muna's Tome of the Rocks
     2 | D:1      | Learned a level 1 spell: Sandblast
   129 | D:1      | Reached skill level 1 in Earth Magic
   129 | D:1      | Reached XP level 2. HP: 12/18 MP: 5/5
   515 | D:1      | Reached skill level 2 in Earth Magic
   532 | D:1      | Found a shimmering altar of Xom.
   597 | D:1      | Became a worshipper of Xom of Chaos
   599 | D:1      | Reached XP level 3. HP: 16/23 MP: 6/6
   902 | D:1      | XOM: divination: detect creatures
  1169 | D:1      | XOM: divination: detect creatures
  1468 | D:1      | XOM: silly message
  1684 | D:2      | XOM: harmless Air miscast
  1696 | D:2      | Reached skill level 3 in Earth Magic
  1877 | D:2      | XOM: cast spell 'Hydra Form'
  1914 | D:2      | You fall through a shaft for 2 floors!
  1929 | D:4      | Noticed M4edhros's ghost (amateur OpWn)
  1929 | D:4      | XOM: divination: detect creatures
  1933 | D:4      | XOM: swap monsters
  1958 | D:4      | Killed M4edhros's ghost
  1958 | D:4      | Reached skill level 4 in Earth Magic
  1958 | D:4      | Reached XP level 4. HP: 25/28 MP: 1/7
  1958 | D:4      | Reached XP level 5. HP: 29/33 MP: 1/8
  1963 | D:4      | Learned a level 3 spell: Stone Arrow
  1966 | D:4      | Learned a level 2 spell: Repel Missiles
  1972 | D:4      | Found a sand-covered staircase.
  1976 | Ossuary  | Entered an ossuary
  2001 | Ossuary  | XOM: 2-stop teleportation journey
  2028 | Ossuary  | Reached skill level 5 in Earth Magic
  2152 | Ossuary  | XOM: scenery: 1 doors open
  2162 | Ossuary  | XOM: smoke on damage
  2198 | Ossuary  | Slain by an ogre zombie

Vault maps used:
D:1:      minmay_arrival_nine_rooms, minivault_11, xom_teletrap_fun
D:2:      nicolae_overflow_hidden_temple, first_bread, uniq_crazy_yiuf_cottage
D:4:      minmay_temple_entry_mist, enter_ossuary_5, lightli_sewer_entry_pipes
Ossuary:  ossuary_boxes_badplayer

Skill      XL: |  1  2  3  4  5 |
---------------+----------------+-----
Earth Magic    | 1 2 4 5 |  5.0
Fighting       | |  1.0
Staves         | |  1.0
Throwing       | |  1.0
Dodging        | |  1.0
Stealth        | |  1.3
Spellcasting   | |  2.2
Charms         | |  3.0

Action                   |  1- 3 |  4- 6 || total
-------------------------+-------+-------++-------
Melee: Dagger            |    26 |       ||    26
       Unarmed           |    73 |    46 ||   119
 Cast: Sandblast         |     6 |     6 ||    12
  Use: Scroll            |     1 |       ||     1
       Potion            |     4 |       ||     4
 Stab: Sleeping          |     5 |     4 ||     9
       Confused          |     1 |       ||     1
  Eat: Chunk             |     2 |       ||     2
       Meat ration       |       |     1 ||     1
